 Dungeon Sprint DCSS version 0.31-a0-920-g28cbb04a8c (webtiles) character file.

Game seed: 14599094686852177100

22501 sircluck the Brawler (level 12, 0/136 HPs)
             Began as a Troll Berserker on Oct 17, 2023.
             Was a High Priest of Trog.
             Slain by a death cob (11 damage)
             ... in the Dungeon (Sprint VII: "The Pits").
             The game lasted 00:06:16 (1573 turns).

sircluck the Brawler (Troll Berserker)              Turns: 1573, Time: 00:06:18

Health: 0/136      AC: 11    Str: 32    XL:     12   Next: 63%
Magic:  11/11      EV: 14    Int:  3    God:    Trog [*****.]
Gold:   65         SH:  0    Dex: 12    Spells: 11/11 levels left

rFire   . .          .
                       - Unarmed
rCold   . . .        (no shield)
rNeg    . . .        r - +0 troll leather armour
rPois   .            (helmet restricted)
rElec   .            (no cloak)
rCorr   .            (gloves unavailable)
SInv    .            (boots unavailable)
Will    +....        (no amulet)
Stlth   +            p - +3 ring of dexterity
HPRegen 3.02/turn    m - +3 ring of protection
MPRegen 0.12/turn

%: no teleportation, clarity
@: weak-willed, strong-willed, regenerating, slowed, very slow
A: large, unfitting armour, claws 3, regeneration 1, shaggy fur 1, tough skin 1,
iridescent scales 1, clarity, screaming 1, wild magic 1
a: Renounce Religion, Berserk, Trog's Hand, Brothers in Arms


You were in the Dungeon.
You worshipped Trog.
Trog was extremely pleased with you.
You visited 1 branch You collected 65 gold pieces.

Inventory:

Missiles
 l - 4 large rocks (quivered)
Armour
 a - a +0 animal skin
 k - +0 steam dragon scales
 r - a +0 troll leather armour (worn)
Jewellery
 m - a +3 ring of protection (right claw)
 p - a +3 ring of dexterity (left claw)
 y - a ring of willpower
 A - a ring of protection from fire
Wands
 n - a wand of polymorph (3)
 s - a wand of charming (2)
Scrolls
 i - 2 scrolls of vulnerability
 t - 4 scrolls of fog
 u - 4 scrolls of enchant weapon
 v - 2 scrolls of enchant armour
 w - a scroll of identify
 z - a scroll of poison
Potions
 b - 7 potions of curing
 c - 12 potions of heal wounds
 d - a potion of haste
 e - 4 potions of magic
 f - 4 potions of berserk rage
 h - 2 potions of invisibility
 o - 2 potions of resistance
 q - 2 potions of might
 x - a potion of enlightenment
 B - a potion of mutation


   Skills:
 + Level 13.5 Fighting
 + Level 10.9 Throwing
 + Level 10.4 Armour
 + Level 13.3 Dodging
 * Level 19.4 Unarmed Combat


You had 11 spell levels left.
You didn't know any spells.
Your spell library was empty.

Dungeon Overview and Level Annotations

Branches:
Dungeon (1/1)

Altars:
Ashenzari
Cheibriados
Dithmenos
Elyvilon
Fedhas
Gozag
Hepliaklqana
Kikubaaqudgha
Makhleb
Nemelex Xobeh
Okawaru
Qazlal
Ru
Sif Muna
Trog
Uskayaw
Vehumet
Wu Jian
Xom
Yredelemnul
Zin
The Shining One
Jiyva
Lugonu


Innate Abilities, Weirdness & Mutations

You are too large for most types of armour.
You have claws for hands.
Your natural rate of healing is unusually fast.
You are covered in fur. (AC +1)
You have tough skin. (AC +1)
You are partially covered in iridescent scales. (AC +2)
You possess an exceptional clarity of mind.
You occasionally shout uncontrollably at your foes.
Your spells are a little harder to cast, but a little more powerful.


Message History

You swap places.
The death cob hits your butterfly!
Your butterfly dies!
Your butterfly disappears in a burst of colours!
The death cob hits your butterfly!
Your butterfly dies!
Your butterfly disappears in a burst of colours!
The spriggan rider hits your butterfly with a +0 spear!!
Your butterfly dies!
Your butterfly disappears in a burst of colours!
Your skin crawls.
You feel strong-willed.
The spriggan defender hits your butterfly with a +1 rapier of speed!!
Your butterfly dies!
Your butterfly disappears in a burst of colours!
The death cob hits you.
* * * LOW HITPOINT WARNING * * *
The death cob drains your vigour!
You feel yourself slow down.
The spriggan rider closely misses your butterfly.
You swap places.
The death cob hits your butterfly!
Your butterfly dies!
Your butterfly disappears in a burst of colours!
The spriggan defender hits your butterfly with a +1 rapier of speed.
Your butterfly dies!
Your butterfly disappears in a burst of colours!
The death cob barely misses you.
The spriggan defender hits you with a +1 rapier of speed!!
* * * LOW HITPOINT WARNING * * *
The death cob hits you!
* * * LOW HITPOINT WARNING * * *
The death cob drains your vigour!
You feel as though you will be slow longer.
Unknown command.
Unknown command.
Unknown command.
Aiming: Charm
Press: ? - help, Q - select action, (/) - cycle Shift-Dir - straight line, f - death cob, p - spriggan defender
Aim: a death cob (ally target, chance to affect: 31%)
The death cob easily resists.
The death cob hits you!
You die...

.................''..........#
.......ยง)i.i..bb.b'..........#
######i########.i##..#....#..#
#.# #..##..........+ #i#
#..##..........+ #9#
#b.####''####''# #h#
#bb####''####''#### #.#
#iz##....).##......
###############.@##.#'##.##......
...............b.##)#))+.##..####
..............b.b##.).[#.##..#
######''###########.#.['.##..#
######''###########.'..#.##..#
.............##..##.##'#.##..#
...#..#......##..##......##..#
.............''..##########))#
.............''..##########))#


You could see a death cob (ally target), a spriggan defender (ally target) and a
spriggan rider (ally target).

Vanquished Creatures
  A deep elf death mage (D)
  Erica (D)
  An anaconda (D)
  2 two-headed ogres (D)
  An alligator snapping turtle (D)
  A phantasmal warrior (D)
  An orc knight (D)
  A cyclops (D)
  A cane toad (D)
  A smoke demon (D)
  An efreet (D)
  A rime drake (D)
  A komodo dragon (D)
  2 guardian mummies (D)
  An ice devil (D)
  A troll (D)
  A hellwing (D)
  A polar bear (D)
  Grinder (D)
  6 dream sheep (D)
  A jumping spider (D)
  A spriggan (D)
  2 wyverns (D)
  A water elemental (D)
  A basilisk (D)
  4 redbacks (D)
  2 steam dragons (D)
  A water moccasin (D)
  Duvessa (D)
  A floating eye (D)
  2 orc warriors (D)
  A centaur (D)
  6 wolves (D)
  A kobold brigand (D)
  A necrophage (D)
  A gnoll sergeant (D)
  Dowan (D)
  3 killer bees (D)
  A crimson imp (D)
  A hound (D)
  2 jellies (D)
  2 orc wizards (D)
  A small abomination (D)
  7 gnolls (D)
  A river rat (D)
  An adder (D)
  6 orcs (D)
  A ball python (D)
  A bat skeleton (D)
  2 giant cockroaches (D)
  A goblin (D)
  A hobgoblin (D)
  2 quokkas (D)
  A ball python skeleton (D)
  2 giant cockroach zombies (D)
  2 rats (D)
93 creatures vanquished.

Vanquished Creatures (collateral kills)
  A deep elf blademaster (D)
  A ghost moth (D)
  An ogre mage (D)
  A merfolk aquamancer (D)
  3 two-headed ogres (D)
  A two-headed ogre (shapeshifter) (D)
  A naga warrior (D)
  A demonic crawler (D)
  A bog body (D)
  2 orc knights (D)
  An ugly thing (D)
  A merfolk (D)
  A tyrant leech (D)
  2 trolls (D)
  3 water elementals (D)
  A jumping spider (D)
  A wraith (D)
  A warg (D)
  An orc warrior (D)
  An ogre (D)
  2 orc priests (D)
  A gnoll bouda (D)
  An orc wizard (D)
  2 gnolls (D)
  An orc (D)
33 creatures vanquished.

Vanquished Creatures (others)
  A bat (D)
1 creature vanquished.

Grand Total: 127 creatures vanquished

Notes
Turn   | Place    | Note
-------+----------+-------------------------------------------
     0 | D        | sircluck the Troll Berserker began the quest for the Orb.
     0 | D        | Reached XP level 1. HP: 22/22 MP: 0/0
    18 | D        | Found a bloodstained altar of Trog.
    18 | D        | Found a shimmering blue altar of Sif Muna.
    18 | D        | Found a viscous altar of Jiyva.
    18 | D        | Found a hazy altar of Hepliaklqana.
    18 | D        | Found an opulent altar of Gozag.
    19 | D        | Found a glowing golden altar of the Shining One.
    19 | D        | Found a glowing silver altar of Zin.
    19 | D        | Found a basalt altar of Yredelemnul.
    19 | D        | Found a shimmering altar of Xom.
    19 | D        | Found an ornate altar of the Wu Jian Council.
    19 | D        | Found a sacrificial altar of Ru.
    19 | D        | Found a stormy altar of Qazlal.
    19 | D        | Found an iron altar of Okawaru.
    19 | D        | Found a sparkling altar of Nemelex Xobeh.
    19 | D        | Found a burning altar of Makhleb.
    19 | D        | Found a blossoming altar of Fedhas.
    19 | D        | Found a white marble altar of Elyvilon.
    19 | D        | Found a shadowy altar of Dithmenos.
    19 | D        | Found a snail-covered altar of Cheibriados.
    22 | D        | Found a corrupted altar of Lugonu.
    22 | D        | Found a radiant altar of Vehumet.
    23 | D        | Found an ancient bone altar of Kikubaaqudgha.
    23 | D        | Found a hide-covered altar of Uskayaw.
    23 | D        | Found a broken altar of Ashenzari.
    58 | D        | Reached XP level 2. HP: 31/31 MP: 1/1
    60 | D        | Reached ** piety under Trog
    68 | D        | Noticed a floating eye
    69 | D        | Paralysed by a floating eye for 3 turns
    75 | D        | Reached skill level 4 in Unarmed Combat
    78 | D        | Killed a floating eye
    79 | D        | Reached skill level 5 in Fighting
    79 | D        | Reached skill level 5 in Dodging
    79 | D        | Reached skill level 6 in Unarmed Combat
    79 | D        | Reached XP level 3. HP: 42/42 MP: 2/2
    79 | D        | Reached XP level 4. HP: 50/50 MP: 3/3
    84 | D        | Noticed a kobold brigand
    98 | D        | Killed a kobold brigand
    98 | D        | Reached *** piety under Trog
    99 | D        | Reached skill level 7 in Unarmed Combat
    99 | D        | Reached XP level 5. HP: 22/59 MP: 4/4
   176 | D        | Noticed Duvessa
   176 | D        | Noticed a water moccasin
   188 | D        | Noticed Dowan
   193 | D        | Killed Duvessa
   194 | D        | Reached skill level 8 in Unarmed Combat
   194 | D        | Reached XP level 6. HP: 68/68 MP: 5/5
   195 | D        | Reached **** piety under Trog
   202 | D        | Killed a water moccasin
   204 | D        | Killed Dowan
   232 | D        | Reached skill level 9 in Unarmed Combat
   249 | D        | Reached ***** piety under Trog
   270 | D        | Noticed Grinder
   273 | D        | Killed Grinder
   274 | D        | Reached XP level 7. HP: 81/81 MP: 6/6
   275 | D        | Noticed a steam dragon
   280 | D        | Killed a steam dragon
   281 | D        | Reached skill level 10 in Unarmed Combat
   329 | D        | Reached ****** piety under Trog
   337 | D        | Noticed a basilisk
   337 | D        | Noticed a cyclops
   346 | D        | Killed a basilisk
   346 | D        | Received a gift from Trog
   347 | D        | Reached skill level 1 in Armour
   347 | D        | Reached XP level 8. HP: 91/91 MP: 7/7
   350 | D        | Killed a cyclops
   351 | D        | Reached skill level 11 in Unarmed Combat
   417 | D        | Gained mutation: You are partially covered in iridescent
                  | scales. (AC +2) [potion of mutation]
   417 | D        | Gained mutation: You occasionally shout uncontrollably at
                  | your foes. [potion of mutation]
   417 | D        | Gained mutation: You possess an exceptional clarity of
                  | mind. [potion of mutation]
   417 | D        | Gained mutation: Your spells are a little harder to cast,
                  | but a little more powerful. [potion of mutation]
   516 | D        | Noticed a merfolk
   516 | D        | Noticed a deep elf blademaster
   516 | D        | Noticed a deep troll
   519 | D        | a deep troll changed into a dream sheep
   519 | D        | Noticed a dream sheep (glowing shapeshifter)
   521 | D        | Killed a deep elf blademaster
   522 | D        | Reached skill level 10 in Fighting
   522 | D        | Reached skill level 12 in Unarmed Combat
   522 | D        | Reached XP level 9. HP: 56/101 MP: 8/8
   522 | D        | a dream sheep changed into a two-headed ogre
   522 | D        | Noticed a two-headed ogre (glowing shapeshifter)
   522 | D        | Killed a two-headed ogre
   523 | D        | Reached skill level 5 in Armour
   523 | D        | Reached skill level 10 in Dodging
   523 | D        | Reached skill level 13 in Unarmed Combat
   523 | D        | Killed a merfolk
   532 | D        | Killed a ghost moth
   533 | D        | Reached skill level 5 in Throwing
   533 | D        | Reached skill level 14 in Unarmed Combat
   533 | D        | Reached XP level 10. HP: 76/111 MP: 0/9
   533 | D        | Noticed a merfolk aquamancer
   538 | D        | Killed a merfolk aquamancer
   690 | D        | Noticed a demonic crawler
   690 | D        | Noticed a bog body
   690 | D        | Noticed an orc knight
   695 | D        | Killed a demonic crawler
   697 | D        | Reached skill level 15 in Unarmed Combat
   699 | D        | Killed a bog body
   699 | D        | Identified the +6 battleaxe of Muloik {flame, rN+} (Trog
                  | gifted it to you in the Dungeon)
   699 | D        | Received a gift from Trog
   706 | D        | Killed an orc knight
   759 | D        | Reached XP level 11. HP: 115/122 MP: 10/10
   768 | D        | Received a gift from Trog
   827 | D        | Noticed a deep elf death mage
   834 | D        | Reached skill level 16 in Unarmed Combat
   841 | D        | Killed a deep elf death mage
   841 | D        | Received a gift from Trog
   843 | D        | Noticed an orc knight
   857 | D        | Killed an orc knight
   860 | D        | Noticed a two-headed ogre
   861 | D        | Killed a two-headed ogre
   862 | D        | Noticed a two-headed ogre
   874 | D        | Killed a two-headed ogre
   901 | D        | Reached skill level 17 in Unarmed Combat
   925 | D        | Received a gift from Trog
   952 | D        | Received a gift from Trog
   982 | D        | Received a gift from Trog
   985 | D        | Noticed a two-headed ogre
   994 | D        | Killed a two-headed ogre
  1001 | D        | Noticed an ogre mage
  1003 | D        | Received a gift from Trog
  1004 | D        | Noticed a two-headed ogre
  1009 | D        | Noticed a two-headed ogre
  1014 | D        | Killed an ogre mage
  1017 | D        | Killed a two-headed ogre
  1018 | D        | Reached skill level 18 in Unarmed Combat
  1018 | D        | Reached XP level 12. HP: 58/133 MP: 11/11
  1018 | D        | Killed a two-headed ogre
  1059 | D        | Noticed Erica
  1069 | D        | Killed Erica
  1259 | D        | Received a gift from Trog
  1260 | D        | Reached skill level 10 in Throwing
  1319 | D        | Received a gift from Trog
  1345 | D        | Noticed an anaconda
  1352 | D        | Killed an anaconda
  1372 | D        | Noticed an alligator snapping turtle
  1385 | D        | Killed an alligator snapping turtle
  1386 | D        | Reached skill level 10 in Armour
  1441 | D        | Received a gift from Trog
  1454 | D        | Reached skill level 19 in Unarmed Combat
  1540 | D        | Noticed a spriggan defender
  1543 | D        | Received a gift from Trog
  1543 | D        | Noticed a naga warrior
  1552 | D        | Killed a naga warrior
  1559 | D        | HP: 3/136 [spriggan defender/+1 rapier of speed (17)]
  1565 | D        | Noticed a death cob
  1572 | D        | HP: 6/136 [death cob (15)]
  1573 | D        | Slain by a death cob

Illustrated notes

Levels and vault maps discovered:
D:        pitsprint [storerooms_1, entrance_room_1, metal_vault_3, armoury_3,
          mini_pit_1, grid_room_1, main_hall_1, silver_pit, the_coven_3,
          the_vestibule_1, steel_vault_1, golden_pit, hallway_of_sentries,
          crystal_vault_3, iron_vault_4, final_vault]

Skill      XL: |  1  2  3  4  5  6  7  8  9 10 11 12 |
---------------+-------------------------------------+-----
Fighting       | 3 5 6 8 10 11 12 13 | 13.5
Dodging        | 3 5 6 8 9 10 11 12 13 | 13.3
Unarmed Combat | 6 7 8 9 10 12 14 15 18 19 | 19.4
Armour         | 1 4 6 7 9 10 | 10.4
Throwing       | 3 5 7 9 10 | 10.9

Action                     |  1- 3 |  4- 6 |  7- 9 | 10-12 || total
---------------------------+-------+-------+-------+-------++-------
  Melee: Unarmed           |    11 |    44 |    26 |   186 ||   267
         Punch             |       |       |     4 |    18 ||    22
 Invoke: Berserk           |       |     1 |     1 |     2 ||     4
         Brothers in Arms  |       |       |     2 |     8 ||    10
         Trog's Hand       |       |       |       |     1 ||     1
  Evoke: Wand              |       |       |       |     1 ||     1
    Use: Potion            |       |       |     3 |     2 ||     5
         Scroll            |       |       |       |     2 ||     2
 Armour: Animal skin       |     7 |    29 |     5 |       ||    41
         Steam dragon scal |       |       |    21 |     8 ||    29
         Troll leather arm |       |       |       |   126 ||   126
  Dodge: Dodged            |       |    29 |    11 |   130 ||   170

Table legend: (Time is in decaauts)
 A = Elapsed time spent in this place.
 B = Non-inter-level travel time spent in this place.
 C = Inter-level travel time spent in this place.
 D = Time resting spent in this place.
 E = Time spent auto-exploring this place.
 F = Levels seen in this place.
 G = Mean time per level.
                   A        B        C        D        E       F      G
               +--------+--------+--------+--------+--------+-----+--------+
         Total |   1523 |   1435 |     88 |    276 |    362 |   1 | 1523.0 |
       Dungeon |   1523 |   1435 |     88 |    276 |    362 |   1 | 1523.0 |
               +--------+--------+--------+--------+--------+-----+--------+

Top non-repeatable levels by time:
       D: 1523 daAuts
